 Dungeon Crawl Stone Soup version 0.22-a0-412-g2b68d14 (webtiles) character file.

81 galech the Skirmisher (level 4, -4/41 HPs)
             Began as a Gnoll Wanderer on May 12, 2018.
             Slain by a centaur
             ... wielding a cursed -2 shortbow
              (7 damage)
             ... on level 3 of the Dungeon.
             The game lasted 00:03:17 (2614 turns).

galech the Skirmisher (Gnoll Wanderer)              Turns: 2614, Time: 00:03:18

Health: -4/41      AC:  8    Str: 13    XL:     4   Next: 42%
Magic:  6/6        EV:  7    Int: 16    God:
Gold:   125        SH:  0    Dex: 15    Spells: 5/5 levels left

rFire    . . .     SeeInvis .   j - +0 short sword
rCold    . . .     Gourm    .   (no shield)
rNeg     . . .     Faith    .   h - +0 chain mail
rPois    .         Spirit   .   (no helmet)
rElec    .         Reflect  .   (no cloak)
rCorr    .         Harm     .   (no gloves)
MR       .....                  (no boots)
Stlth    ..........             (no amulet)
HPRegen  0.13/turn              (no ring)
MPRegen  0.10/turn              (no ring)

@: drained
A: distributed training, fangs 1, strong nose
a: no special abilities


You were on level 3 of the Dungeon.
You were very hungry.

You visited 1 branch of the dungeon, and saw 3 of its levels.

You collected 125 gold pieces.

Inventory:

Hand Weapons
 e - a +0 blowgun
 j - a +0 short sword (weapon)
Missiles
 d - 9 poisoned needles
 l - 36 bolts
Armour
 f - a +0 robe
 h - a +0 chain mail (worn)
Scrolls
 a - a scroll of blinking
 b - a scroll of fear
 i - a scroll of fog {unknown}
 k - a scroll of amnesia {unknown}
 m - a scroll of remove curse {unknown}
 n - 2 scrolls of immolation {unknown}
 r - a scroll of identify {unknown}
 s - a scroll of magic mapping {unknown}
Potions
 c - 2 potions of curing
 o - a potion of flight {unknown}
 p - a potion of heal wounds {unknown}
 q - a potion of lignification {unknown}
Comestibles
 g - a ration


   Skills:
 + Level 6.6(6.5) Fighting
 + Level 1.1(1.0) Short Blades
 + Level 1.1(1.0) Long Blades
 + Level 1.1(1.0) Axes
 + Level 1.1(1.0) Maces & Flails
 + Level 1.1(1.0) Polearms
 + Level 1.1(1.0) Staves
 + Level 1.1(1.0) Slings
 + Level 2.7 Bows
 + Level 1.1(1.0) Crossbows
 + Level 2.7 Throwing
 + Level 2.7 Armour
 + Level 2.7 Dodging
 + Level 1.1(1.0) Stealth
 + Level 1.1(1.0) Shields
 + Level 4.6 Unarmed Combat
 + Level 1.1(1.0) Spellcasting
 + Level 0.8 Conjurations
 + Level 0.8 Hexes
 + Level 0.8 Charms
 + Level 0.8 Summonings
 + Level 0.8 Necromancy
 + Level 0.8 Translocations
 + Level 0.8 Transmutations
 + Level 0.8 Fire Magic
 + Level 0.8 Ice Magic
 + Level 0.8 Air Magic
 + Level 0.8 Earth Magic
 + Level 0.8 Poison Magic
 + Level 1.2(1.1) Invocations
 + Level 2.7 Evocations


You had 5 spell levels left.
You didn't know any spells.
Your spell library was empty.

Dungeon Overview and Level Annotations

Branches:
Dungeon (3/15)

Altars:
The Shining One


Innate Abilities, Weirdness & Mutations

Your experience applies equally to all skills.
You have very sharp teeth.
Your uncanny sense of smell can sniff out nearby items.


Message History

The centaur is severely wounded.
The centaur hits you but does no damage.
The centaur closely misses you.
You hit the centaur.
The centaur is severely wounded.
The centaur closely misses you.
You hit the centaur.
The centaur is severely wounded.
The centaur hits you with an enchanted shortbow.
* * * LOW HITPOINT WARNING * * *
The centaur hits you with an enchanted shortbow.
* * * LOW HITPOINT WARNING * * *
Your chain mail prevents you from hitting the centaur.
You punch the centaur, but do no damage.
The centaur is severely wounded.
The centaur barely misses you.
You hit the centaur.
The centaur is almost dead.
The centaur hits you with an enchanted shortbow!
You die...

∆ ##### #.<(#
#.#(# ...#@#
#####c#####.#.
#....(........
#.#..(#####.##
#.......#
#.#.#####
∆#.... #....
#....#


You could see a centaur.

Vanquished Creatures
  4 adders (D:2)
  2 worms (D:2)
  A dart slug (D:1)
  A leopard gecko (D:1)
  A ball python (D:1)
  A giant cockroach (D:1)
  6 goblins
  3 hobgoblins
  6 bats
  3 frilled lizards
  11 kobolds
  5 rats
44 creatures vanquished.

Notes
Turn   | Place    | Note
-------+----------+-------------------------------------------
     0 | D:1      | galech the Gnoll Wanderer began the quest for the Orb.
     0 | D:1      | galech set off with: a scroll of blinking, a scroll of fear, a potion of curing, 11 poisoned needles, a +0 blowgun, a +0 robe, a ration
     0 | D:1      | Reached XP level 1. HP: 23/23 MP: 2/2
   303 | D:1      | Reached XP level 2. HP: 29/29 MP: 3/3
   963 | D:1      | Found a glowing golden altar of the Shining One.
  1039 | D:2      | Reached XP level 3. HP: 33/35 MP: 4/4
  1245 | D:2      | Reached skill level 1 in Invocations
  1341 | D:2      | Reached skill level 1 in Short Blades
  1341 | D:2      | Reached skill level 1 in Long Blades
  1341 | D:2      | Reached skill level 1 in Axes
  1341 | D:2      | Reached skill level 1 in Maces & Flails
  1341 | D:2      | Reached skill level 1 in Polearms
  1341 | D:2      | Reached skill level 1 in Staves
  1341 | D:2      | Reached skill level 1 in Slings
  1341 | D:2      | Reached skill level 1 in Crossbows
  1341 | D:2      | Reached skill level 1 in Stealth
  1341 | D:2      | Reached skill level 1 in Shields
  1341 | D:2      | Reached skill level 1 in Spellcasting
  1367 | D:2      | HP: 1/35 [poisoned by an adder]
  1833 | D:2      | Reached XP level 4. HP: 32/41 MP: 6/6
  2335 | D:3      | Noticed a centaur
  2612 | D:3      | HP: 2/41 [centaur/enchanted shortbow (3)]
  2614 | D:3      | Slain by a centaur

Vault maps used:
D:1:      saegor_arrival_under_anarchy, tso_altar
D:2:      st_stairs_11
D:3:      wad_river_or_something, kiku_gazebo_pond_becter, uniq_ijyb

Skill      XL: |  1  2  3 |
---------------+----------+-----
Invocations    | 1 |  1.2
Short Blades   | 1 |  1.1
Long Blades    | 1 |  1.1
Axes           | 1 |  1.1
Maces & Flails | 1 |  1.1
Polearms       | 1 |  1.1
Staves         | 1 |  1.1
Slings         | 1 |  1.1
Crossbows      | 1 |  1.1
Stealth        | 1 |  1.1
Shields        | 1 |  1.1
Spellcasting   | 1 |  1.1
Fighting       | |  6.6
Bows           | |  2.7
Throwing       | |  2.7
Armour         | |  2.7
Dodging        | |  2.7
Unarmed Combat | |  4.6
Conjurations   | |  0.8
Hexes          | |  0.8
Charms         | |  0.8
Summonings     | |  0.8
Necromancy     | |  0.8
Translocations | |  0.8
Transmutations | |  0.8
Fire Magic     | |  0.8
Ice Magic      | |  0.8
Air Magic      | |  0.8
Earth Magic    | |  0.8
Poison Magic   | |  0.8
Evocations     | |  2.7

Action                   |  1- 3 |  4- 6 || total
-------------------------+-------+-------++-------
Melee: Short sword       |   133 |    55 ||   188
       Bite              |     9 |     4 ||    13
       Punch             |       |     2 ||     2
 Fire: Blowgun           |    29 |       ||    29
  Eat: Chunk             |     2 |     2 ||     4
Armor: Chain mail        |   116 |    28 ||   144
Dodge: Dodged            |    57 |    30 ||    87

Table legend:
 A = Spawn XP
 B = Non-spawn XP
 C = Spawn XP percentage of total XP
 D = Spawn monster count
 E = Non-spawn monster count
 F = Spawn count percentage of total count
 G = Total turns spent on level
                    A         B        C        D         E        F      G
               +---------+---------+-------+---------+---------+-------+---------
         Total |       0 |     117 |   0.0 |       0 |      44 |   0.0 |  2614
               +---------+---------+-------+---------+---------+-------+---------
           D:1 |       0 |      33 |   0.0 |       0 |      22 |   0.0 |  1013
           D:2 |       0 |      84 |   0.0 |       0 |      22 |   0.0 |  1566
               +---------+---------+-------+---------+---------+-------+---------
